 Dungeon Crawl Stone Soup version 0.21.1-1-g345015f (webtiles) character file.

34 FortyBot the Chopper (level 3, 0/33 HPs)
             Began as a Hill Orc Monk on Mar 9, 2018.
             Was a Believer of Beogh.
             Slain by an iguana (9 damage)
             ... on level 4 of the Dungeon.
             The game lasted 00:12:43 (1838 turns).

FortyBot the Chopper (Hill Orc Monk)                Turns: 1838, Time: 00:12:44

Health: 0/33       AC:  2    Str: 14    XL:     3   Next: 31%
Magic:  3/3        EV: 13    Int: 10    God:    Beogh [**....]
Gold:   30         SH:  0    Dex: 13    Spells: 2/2 levels left

rFire    . . .     SeeInvis .   a - +1 hand axe
rCold    . . .     Gourm    .   (no shield)
rNeg     . . .     Faith    .   b - +0 robe
rPois    .         Spirit   .   (no helmet)
rElec    .         Reflect  .   (no cloak)
rCorr    .         Harm     .   (no gloves)
MR       .....                  (no boots)
Stlth    ++........             (no amulet)
HPRegen  0.11/turn              (no ring)
MPRegen  0.08/turn              (no ring)

@: no status effects
A: no striking features
a: Smiting, Renounce Religion


You were on level 4 of the Dungeon.
You worshipped Beogh.
Beogh was pleased with you.
You were hungry.

You visited 1 branch of the dungeon, and saw 3 of its levels.

You collected 30 gold pieces.

Inventory:

Hand Weapons
 a - a +1 hand axe (weapon)
Missiles
 e - 48 stones (quivered)
Armour
 b - a +0 robe (worn)
Jewellery
 h - an uncursed ring of fire {unknown}
 l - a cursed amulet of inaccuracy {unknown}
Scrolls
 i - a scroll of identify {unknown}
 k - a scroll of teleportation {unknown}
 m - a scroll of noise {unknown}
Potions
 d - a potion of curing {unknown}
 f - a potion of flight {unknown}
 g - 2 potions of haste {unknown}
 j - a potion of resistance {unknown}
Comestibles
 c - 6 rations


   Skills:
 + Level 4.2 Fighting
 * Level 5.2 Axes
 - Level 2.4 Dodging
 - Level 1.5 Stealth


You had 2 spell levels left.
You didn't know any spells.

Dungeon Overview and Level Annotations

Branches:
Dungeon (4/15)
 Temple: D:4-7

Altars:


Message History

The hound skeleton bites you but does no damage.
The orc priest misses the orc wizard.
You swap places.
The iguana bites the orc wizard.
The orc wizard dies!
The orc priest closely misses you.
You hit the orc priest.
The orc priest is moderately wounded.
You hit the iguana.
The iguana is lightly wounded.
You closely miss the orc priest. The orc priest misses you.
The iguana bites you!
You closely miss the iguana.
The iguana is lightly wounded.
You hit the orc priest. The orc priest closely misses you.
The iguana bites you!
* * * LOW HITPOINT WARNING * * *
You barely miss the orc priest.
The orc priest is severely wounded.
You hit the iguana. The iguana bites you!
You die...

........#.# #......... .....
#######.#.####.####.# ....#
..................#.# .....
#####.#############.# #...# . #
#...............# #.#.# #.
######################.#.#...
######.##..................#Z#..#
........#.################.....#
..........#....o@lZ.....####.#.#
######.#######.####...#.####...#
#.# #...#..............# ######.#
###...o..##..####.## .......#
###....###.# ..# ######## ##....
#... .... #......#.## #.##
##....# .. .# ### .#


You could see an iguana, an orc priest and a hound skeleton.

Vanquished Creatures
  An ooze (D:1)
  A giant cockroach (D:1)
  7 jackals (D:1)
  5 bats (D:1)
  A frilled lizard (D:1)
  6 goblins (D:1)
  4 kobolds (D:1)
  A rat (D:1)
26 creatures vanquished.

Vanquished Creatures (others)
  An orc wizard (D:4)
  2 orcs (D:4)
3 creatures vanquished.

Grand Total: 29 creatures vanquished

Notes
Turn   | Place    | Note
-------+----------+-------------------------------------------
     0 | D:1      | FortyBot the Hill Orc Monk began the quest for the Orb.
     0 | D:1      | Reached XP level 1. HP: 19/19 MP: 1/1
   242 | D:1      | Reached XP level 2. HP: 18/27 MP: 2/2
   762 | D:1      | Reached skill level 5 in Axes
   835 | D:1      | Reached XP level 3. HP: 32/33 MP: 3/3
  1532 | D:2      | You fall through a shaft for 2 floors!
  1827 | D:4      | Became a worshipper of Beogh the Brigand
  1827 | D:4      | Reached * piety under Beogh
  1827 | D:4      | Reached ** piety under Beogh
  1838 | D:4      | Slain by an iguana

Skill      XL: |  1  2 |
---------------+-------+-----
Fighting       | 4 |  4.2
Axes           | 5 |  5.2
Dodging        | |  2.4
Stealth        | |  1.5

Action                   || total
-------------------------++-------
Melee: Hand axe          ||    87
Throw: Stone             ||     9
Invok: Convert to Beogh  ||     1
  Use: Scroll            ||     3
 Stab: Sleeping          ||     2
  Eat: Chunk             ||     2
Armor: Robe              ||    13
Dodge: Dodged            ||    63
